 Dungeon Crawl Stone Soup version 0.31-a0-358-gac0dbeb3ab (webtiles) character file.

Game seed: 12724731475935753470

134 Dordric the Changeling (level 5, -5/48 HPs)
             Began as an Ogre Shapeshifter on July 26, 2023.
             Slain by a gnoll
             ... wielding a +0 spear
              (8 damage)
             ... on level 3 of the Dungeon.
             The game lasted 00:02:13 (2325 turns).

Dordric the Changeling (Ogre Shapeshifter)          Turns: 2325, Time: 00:02:14

Health: -5/48      AC:  3    Str: 19    XL:     5   Next: 17%
Magic:  5/5        EV: 10    Int:  9    God:
Gold:   91         SH:  0    Dex: 11    Spells: 4/4 levels left

rFire   . .          .
                       - Unarmed
rCold   . . .        (no shield)
rNeg    . . .        a - +0 animal skin
rPois   .            (helmet currently unavailable)
rElec   .            (cloak currently unavailable)
rCorr   .            (gloves unavailable)
SInv    .            (boots unavailable)
Will    .....        (no amulet)
Stlth   +            (no ring)
HPRegen 0.28/turn    (no ring)
MPRegen 0.09/turn

%: no passive effects
@: beast-form
A: beast (slay +2), large, unfitting armour, tough skin 1
a: Begin Untransformation


You were on level 3 of the Dungeon.
You were a hulking beast.
You visited 1 branch of the dungeon, and saw 3 of its levels.

You collected 91 gold pieces.

Inventory:

Missiles
 f - 2 throwing nets
Armour
 a - a +0 animal skin (worn)
Talismans
 c - a beast talisman
Wands
 k - a wand of polymorph (3)
Scrolls
 d - 2 scrolls of identify {unknown}
 e - 3 scrolls of teleportation {unknown}
 g - a scroll of butterflies {unknown}
 h - a scroll of enchant armour {unknown}
 l - a scroll of amnesia {unknown}
 m - a scroll of silence {unknown}
 o - a scroll of blinking {unknown}
Potions
 b - 2 potions of lignification
 i - a potion of curing {unknown}
 j - a potion of invisibility {unknown}
 n - a potion of heal wounds {unknown}


   Skills:
 - Level 1.3 Fighting
 - Level 1.7 Dodging
 + Level 4.1 Unarmed Combat
 + Level 4.1 Shapeshifting


You had 4 spell levels left.
You didn't know any spells.
Your spell library was empty.

Dungeon Overview and Level Annotations

Branches:
Dungeon (3/15)

Altars:

Shops:
D:1 (


Innate Abilities, Weirdness & Mutations

You are a hulking beast.
Your limbs bulge with bestial killing power. (Slay +2)
You are too large for most types of armour.
You have tough skin. (AC +1)


Message History

You are too injured to fight recklessly!
You are too injured to fight recklessly!
You are too injured to fight recklessly!
You are too injured to fight recklessly!
You are too injured to fight recklessly!
You are too injured to fight recklessly!
You are too injured to fight recklessly!
You are too injured to fight recklessly!
You are too injured to fight recklessly!
You are too injured to fight recklessly!
You are too injured to fight recklessly!
You are too injured to fight recklessly!
You are too injured to fight recklessly!
You closely miss the gnoll.
The gnoll is severely wounded.
The gnoll closely misses you.
The gnoll hits you from afar with a +0 spear.
You closely miss the gnoll.
The gnoll is severely wounded.
The gnoll hits you with a +0 club.
The gnoll hits you from afar with a +0 spear.
* * * LOW HITPOINT WARNING * * *
You closely miss the gnoll. You punch the gnoll.
You kill the gnoll!
The gnoll hits you from afar with a +0 spear.
* * * LOW HITPOINT WARNING * * *
You hit the gnoll.
The gnoll is moderately wounded.
An orc comes into view. It is wielding a +0 flail.
The gnoll hits you with a +0 club.
* * * LOW HITPOINT WARNING * * *
The gnoll barely misses you.
You closely miss the gnoll.
The gnoll is moderately wounded.
The orc throws a stone.
The stone hits you but does no damage.
An orc comes into view. It is wielding a +0 dagger.
The gnoll hits you with a +0 club.
* * * LOW HITPOINT WARNING * * *
The gnoll hits you from afar with a +0 spear!
You die...

#...# #.##.#.#.#
#...#
#.##.#.#.###
#...#
#.^..#.#...# .
#...#
#.####.###.# ..#
#...# #......#
#.# #oo.#..)#
#..#######.#
#.....#
#..#.......#
###.o.####
#..#.#######
###.hg.# #..#.#
####g###..#.#
#...#....#
###.#...####
###...##.>...#
#....####.##.###
#............#..
#.##########.#.#
#.#........#.#.#


You could see 2 gnolls and 3 orcs.

Vanquished Creatures
  2 gnolls
  5 adders
  A worm (D:2)
  A dart slug (D:2)
  5 orcs
  7 bats
  5 endoplasms
  3 giant cockroaches
  10 hobgoblins
  2 quokkas
  A ball python (D:1)
  4 frilled lizards
  6 kobolds
  5 rats
57 creatures vanquished.

Notes
Turn   | Place    | Note
-------+----------+-------------------------------------------
     0 | D:1      | Dordric the Ogre Shapeshifter began the quest for the Orb.
     0 | D:1      | Reached XP level 1. HP: 19/19 MP: 1/1
   160 | D:1      | Reached XP level 2. HP: 23/27 MP: 2/2
   536 | D:1      | Reached XP level 3. HP: 31/33 MP: 3/3
   685 | D:1      | Found Irchi's Weapon Emporium.
  1350 | D:2      | Reached XP level 4. HP: 27/41 MP: 4/4
  2288 | D:3      | Reached XP level 5. HP: 32/48 MP: 5/5
  2325 | D:3      | Slain by a gnoll

Illustrated notes

Levels and vault maps discovered:
D:1:      dpeg_arrival_rooms_with_view, layout_basic, serial_shops,
          nicolae_shop_real_fake_doors
D:2:      layout_loops_cross
D:3:      layout_basic, gammafunk_ghost_cemetery,
          chequers_serial_rivers_micro_e, minivault_25

Skill      XL: |  1  2  3  4 |
---------------+-------------+-----
Unarmed Combat | 3 4 |  4.1
Shapeshifting  | 4 |  4.1
Fighting       | |  1.3
Dodging        | |  1.7

Action                     |  1- 3 |  4- 6 || total
---------------------------+-------+-------++-------
  Melee: Unarmed           |    95 |    63 ||   158
         Punch             |     1 |     4 ||     5
 Armour: Animal skin       |    25 |    20 ||    45
  Dodge: Dodged            |    45 |    33 ||    78

Table legend: (Time is in decaauts)
 A = Elapsed time spent in this place.
 B = Non-inter-level travel time spent in this place.
 C = Inter-level travel time spent in this place.
 D = Time resting spent in this place.
 E = Time spent auto-exploring this place.
 F = Levels seen in this place.
 G = Mean time per level.
                   A        B        C        D        E       F      G
               +--------+--------+--------+--------+--------+-----+--------+
         Total |   2316 |   2292 |     24 |    117 |   1820 |   3 |  772.0 |
       Dungeon |   2316 |   2292 |     24 |    117 |   1820 |   3 |  772.0 |
               +--------+--------+--------+--------+--------+-----+--------+

Top non-repeatable levels by time:
     D:1: 1112 daAuts
     D:2: 967 daAuts
     D:3: 235 daAuts
